Unix NerfHack Version 2.1.0-0 Work-in-progress - last build Jan 22 2025 16:30:44 (a0cc4da139b25c63f8518086c6afecd4c94c921b,branch:master). Game began 2025-01-22 18:39:09, ended 2025-01-22 18:50:57. elron, lawful female human Valkyrie ------.. |........ ---- |.|......- --..| |.| --..----- |.>.----.| |......--- ----|.......^| -..--...-- ----..--.%.*..--- ---..| |........|.... -.| --.|--. |.....------.- -.-- |.|.....-- ....| |.| ...............---- ....| ##.| ..................--------- #.#---###@-- ...................--.--..---- 0### *###..| -............................| 0 %## ##..^.| |...........0.....-........0.- #*##**#*|....## -..--.....................^...| ### 0 #*#-..*##* ---.......................| ##0 # ###-## ----........<..........-- #0 #0*#**## -..|.-----......--- ** *# * ---- --.|.--- *# ----- Elron the Skirmisher St:17 Dx:14 Co:18 In:7 Wi:9 Ch:9 Lawful Dlvl:4 $:55 HP:0(49) Pw:10(10) AC:11 MC:0 Xp:5/178 T:1503 Blind Deaf Latest messages: You cannot eat that! The orc zombie scratches you! The orc zombie bites! You miss the orc zombie. You impale the orc zombie! The orc zombie hits! The orc zombie bites your left leg! You jab the orc zombie. The orc zombie turns to flee. You destroy the orc zombie! What do you want to wear? [qwxF-H or ?*] ? Never mind. What do you want to drop? [$a-fh-zA-I or ?*] <esc> Never mind. You see here an orc corpse. Your kitten eats a partly eaten goblin corpse. You see here a rusty orcish helm. J - a rusty orcish helm. You hear crashing rock. The kitten drops a rock. You see here a rock. You pierce the orc zombie! The orc zombie scratches you! The orc zombie bites! You destroy the orc zombie! You see here an orc corpse. You hear crashing rock. You hear crashing rock. You were wearing an uncursed +3 small shield [5AC]. What do you want to wear? [cqwxF-HJ or ?*] c You are now wearing a small shield. You are momentarily blinded by a flash of light! You hear a deafening roar! You feel an unseen monster! It bites! It kicks! It bites! It bites! It kicks! It bites! It kicks! It bites! It bites! It bites! Wait! There's something there you can't see! It bites! You are being flanked! It kicks! You die... Do you want to see the dungeon overview? [ynq] (y) q Inventory: Inventory: 617/945 weight (35/52 slots) Coins ('$') $ - 55 gold pieces Weapons (')') B - 9 blessed +1 arrows s - 14 uncursed +0 arrows v - an uncursed +0 bow y - an uncursed +0 bow A - an uncursed +1 dart D - 8 uncursed +0 darts z - 7 cursed -2 darts b - a blessed +0 dagger h - a blessed +1 orcish dagger (alternate weapon; not wielded) a - an uncursed +1 spear (weapon in right hand) t - an uncursed +0 aklys Armor ('[') q - a blessed +1 gnomish helm [-1AC] F - an uncursed +0 gnomish helm [-2AC] J - a cursed rusty +0 orcish helm [0AC] w - an uncursed +0 pair of gnomish boots [-2AC] G - an uncursed +0 pair of gnomish boots [-2AC] c - an uncursed +3 small shield (being worn) [5AC] x - an uncursed +0 gnomish suit [-1AC] H - an uncursed +0 gnomish suit [-1AC] Comestibles ('%') n - an uncursed banana i - 2 uncursed cram rations d - 5 uncursed food rations u - an uncursed orange E - 2 uncursed eggs Scrolls ('?') e - an uncursed scroll of remove curse Spellbooks ('+') f - an uncursed spellbook of dig k - a blessed spellbook of stone to flesh Potions ('!') I - an uncursed potion of fruit juice j - a blessed potion of healing o - an uncursed potion of invisibility Wands ('/') l - an uncursed wand of probing (0:8) Gems/Stones ('*') p - an uncursed worthless piece of orange glass m - an uncursed worthless piece of red glass r - an uncursed worthless piece of violet glass C - 2 uncursed worthless pieces of yellowish brown glass Elron the Valkyrie's attributes: Background: You were a Skirmisher, a level 5 human Valkyrie. You were lawful, nominally on a mission for Tyr who was opposed by Odin (neutral) and Loki (chaotic). You were right-handed. You were in the Gnomish Mines, on level 4. You entered the dungeon 1503 turns ago. You had 178 experience points, 142 more were needed to attain level 6. Basics: You had 0 out of 49 hit points. You had all 10 energy points (spell power). Your armor class was 11. Your wallet contained 55 zorkmids. Autopickup was on for '$"%!+?/=' plus thrown, with exceptions. Final Characteristics: Your strength was 17 (limit:18/100). Your dexterity was 14 (base:15, limit:18). Your constitution was 18 (limit:18). Your intelligence was 7 (limit:18). Your wisdom was 9 (limit:18). Your charisma was 9 (limit:18). Final Status: You were temporarily blind. You were deaf. You had a wounded left leg. You weren't hungry. You were unencumbered. You were wielding a spear. You had basic skill with spear. Final Attributes: You were devoutly aligned. You were stealthy. You are dead. Final Resistances: You were 0% fire resistant. You were 100% cold resistant. You were 0% sleep resistant. You were 0% disintegration resistant. You were 0% shock resistant. You were 5% poison resistant. Final Attributes: You had never prayed. You had received 0 points of divine protection. Miscellaneous: You never encountered a bones level. Total elapsed playing time was 11 minutes and 46 seconds. Major events: Turn 1: elron the lawful human Valkyrie entered the dungeon 587: attained the rank of Skirmisher (level 3) 1045: entered the Gnomish Mines 1503: killed by a pony Vanquished creatures: 2 gnome leaders a dwarf a giant bat 3 orc zombies a hobbit a giant rat 2 brown molds 8 gnomes a gecko 3 jackals 6 goblins 4 grid bugs a lichen 2 newts 36 creatures vanquished. No species were genocided or became extinct. Voluntary challenges: You were an atheist. You were illiterate. You never engraved Elbereth. You never genocided any monsters. You never polymorphed an object. You never changed form. You used no wishes. You never destroyed an altar. Achievements: You attained the rank of Skirmisher. You entered a shop. You entered the Gnomish Mines. The Dungeons of Doom: levels 1 to 4 Level 1: Some fountains. Level 2: Some fountains. Level 3: An armor shop, a fountain, a sink. Stairs down to The Gnomish Mines. Level 4: The Gnomish Mines: Level 4: <- You were here. Final resting place for you, killed by a pony. Game over: ---------- / \ / REST \ / IN \ / PEACE \ / \ | elron | | 55 Au | | killed by a pony | | | | | | | | 2025 | *| * * * | * _________)/\\_//(\/(/\)/\//\/|_)_______ Farvel elron the Valkyrie... You died in The Gnomish Mines on dungeon level 4 with 912 points, and 55 pieces of gold, after 1503 moves. You were level 5 with a maximum of 49 hit points when you died.